 Dungeon Crawl Stone Soup version 0.28.0-1-gb440e238dd (webtiles) character file.

Game seed: 12570210150567377622

18 spaghetti the Ruffian (level 2, -7/25 HPs)
             Began as a Demigod Fighter on Feb 20, 2022.
             Mangled by Terence (9 damage)
             ... on level 2 of the Dungeon.
             The game lasted 00:00:42 (626 turns).

spaghetti the Ruffian (Demigod Fighter)              Turns: 626, Time: 00:00:43

Health: -7/25      AC:  6    Str: 17    XL:     2   Next: 36%
Magic:  4/4        EV:  8    Int: 10    God:
Gold:   48         SH:  4    Dex: 13    Spells: 1/1 levels left

rFire   . . .      SeeInvis .   e - +2 whip (freeze)
rCold   . . .      Faith    .   b - +0 buckler
rNeg    . . .      Spirit   .   a - +0 scale mail
rPois   .          Reflect  .   (no helmet)
rElec   .          Harm     .   (no cloak)
rCorr   .          Rampage  .   (no gloves)
Will    .....                   (no boots)
Stlth   ..........              (no amulet)
HPRegen 0.08/turn               (no ring)
MPRegen 0.09/turn               (no ring)

@: no status effects
A: high MP 1, forlorn, divine attributes
a: no special abilities


You were on level 2 of the Dungeon.
You visited 1 branch of the dungeon, and saw 2 of its levels.

You collected 48 gold pieces.

Inventory:

Hand Weapons
 e - a +2 whip of freezing (weapon)
Armour
 a - a +0 scale mail (worn)
 b - a +0 buckler (worn)
Scrolls
 d - a scroll of vulnerability {unknown}
Potions
 c - a potion of might


   Skills:
 + Level 2.6 Fighting
 - Level 2.6 Armour
 - Level 2.6 Shields
 - Level 2.9 Unarmed Combat


You had one spell level left.
You didn't know any spells.
Your spell library contained the following spells:

 Spells                   Type           Power      Damage    Failure   Level
 Summon Forest            Summ/Tloc      0%         N/A       100%        5
 Summon Mana Viper        Hex/Summ       0%         N/A       100%        5
 Summon Cactus Giant      Summ           0%         N/A       100%        6


Dungeon Overview and Level Annotations

Branches:
Dungeon (2/15)

Annotations:
D:2 Terence


Innate Abilities, Weirdness & Mutations

You have an increased reservoir of magic. (+10% MP)
You shall have no god before yourself.
Your divine heritage dramatically boosts your attributes as you level up.


Message History

Your +2 whip of freezing glows with a cold blue light!
e - a +2 whip of freezing (weapon)
Terence the Incautious comes into view.
He is wielding a +0 mace.
Terence is nearby!
Terence is nearby!
Terence is nearby!
Found a stone staircase leading up.
Terence hits you with a +0 mace.
You hit Terence. You freeze Terence.
Terence is moderately wounded.
Terence hits you with a +0 mace.
You hit Terence but do no damage.
Terence is moderately wounded.
Terence hits you with a +0 mace.
You whack Terence! You freeze Terence.
Terence is severely wounded.
Terence hits you with a +0 mace.
You hit Terence. You freeze Terence.
Terence is almost dead.
Terence hits you with a +0 mace. Terence closely misses you.
You are too injured to fight recklessly!
You are too injured to fight recklessly!
You are too injured to fight recklessly!
You are too injured to fight recklessly!
You are too injured to fight recklessly!
You are too injured to fight recklessly!
You are too injured to fight recklessly!
Terence is nearby!
You barely miss Terence.
Terence is almost dead.
Terence hits you with a +0 mace!
* * * LOW HITPOINT WARNING * * *
Okay, then.
You hit Terence but do no damage.
Terence is almost dead.
Terence barely misses you.
You hit Terence but do no damage.
Terence is almost dead.
Terence hits you with a +0 mace!
You die...

......# #....... ......#
#........<. ......#
#.......... ......#####
#.......... ..........#
#..........
......#...####..........
###.###.......#.........
#.(##...###...........
##..#..## ##..@.......
##.#..#####...@......
#...................
#...##..............
##.#.##.............#
##........[...........
###.................###.
.#..................#
.#............


You could see Terence.

Vanquished Creatures
  A dart slug (D:1)
  A giant cockroach (D:1)
  A goblin (D:1)
  3 hobgoblins (D:1)
  A quokka (D:1)
  3 bats (D:1)
  A frilled lizard (D:1)
  2 kobolds
  3 rats
16 creatures vanquished.

Notes
Turn   | Place    | Note
-------+----------+-------------------------------------------
     0 | D:1      | spaghetti the Demigod Fighter began the quest for the Orb.
     0 | D:1      | Reached XP level 1. HP: 18/18 MP: 3/3
   330 | D:1      | Reached XP level 2. HP: 24/25 MP: 4/4
   616 | D:2      | Noticed Terence
   626 | D:2      | Mangled by Terence

Illustrated notes

Levels and vault maps discovered:
D:1:      dpeg_cavernosity, layout_loops_ring, ebering_ecumenical_altar_rust
D:2:      layout_rooms, uniq_terence

Skill      XL: |  1 |
---------------+----+-----
Unarmed Combat | 2 |  2.9
Fighting       | |  2.6
Armour         | |  2.6
Shields        | |  2.6

Action                   || total
-------------------------++-------
Melee: Unarmed           ||    72
       Whip              ||     7
Armor: Scale mail        ||    34
Dodge: Dodged            ||    44
Block: Buckler           ||    15
